 Dungeon Crawl Stone Soup version 0.31-a0-232-gb1c03b2570 (webtiles) character file.

Game seed: 4259777534001941166

203 qw the Shooter (level 5, 0/32 HPs)
             Began as a Gargoyle Hexslinger on July 7, 2023.
             Frozen to death by an endoplasm (4 damage)
             ... on level 3 of the Dungeon.
             The game lasted 00:01:15 (1658 turns).

qw the Shooter (Gargoyle Hexslinger)                Turns: 1658, Time: 00:01:16

Health: 0/32       AC: 11    Str: 12    XL:     5   Next: 81%
Magic:  6/6        EV: 10    Int: 13    God:
Gold:   134        SH:  0    Dex: 14    Spells: 5/6 levels left

rFire   . . .        Y - +3 sling
rCold   . . .        (no shield)
rNeg    + . .        e - +0 ring mail
rPois   inf          (no helmet)
rElec   +            f - +1 cloak
rCorr   .            (no gloves)
SInv    .            (no boots)
Will    .....        (no amulet)
Stlth   +            (no ring)
HPRegen 0.25/turn    (no ring)
MPRegen 0.10/turn

%: no passive effects
@: about to teleport
A: sickness immunity, AC +4, negative energy resistance 1, electricity
resistance, torment resistance 1, petrification resistance
a: no special abilities


You were on level 3 of the Dungeon.
You visited 1 branch of the dungeon, and saw 3 of its levels.

You collected 134 gold pieces.


Innate Abilities, Weirdness & Mutations

You are immune to sickness and miasma.
Your stone body is resilient. (AC +4)
You are immune to poison.
You resist negative energy. (rN+)
You are resistant to electric shocks. (rElec)
You are resistant to unholy torment.
You are immune to petrification.


   Skills:
 - Level 3.0 Fighting
 + Level 5.0 Ranged Weapons
 - Level 1.1 Armour
 - Level 1.5 Dodging
 - Level 1.0 Spellcasting
 - Level 2.6 Hexes


You had 5 spell levels left.
You knew the following spells:

 Your Spells              Type           Power      Damage    Failure   Level
a - Slow                  Hex            28%        N/A       22%         1

Your spell library contained the following spells:

 Spells                   Type           Power      Damage    Failure   Level
 Inner Flame              Hex/Fire       4%         N/A       73%         3
 Portal Projectile        Hex/Tloc       8%         N/A       73%         3
 Cause Fear               Hex            3%         N/A       91%         4

Inventory:

Hand Weapons
 Y - a +3 sling (weapon)
Armour
 e - a +0 ring mail (worn)
 f - a +1 cloak (worn)
Jewellery
 b - a ring of protection from cold
 h - a +6 ring of dexterity
 i - a ring of fire
Scrolls
 a - 3 scrolls of identify
Potions
 c - a potion of curing
 d - a potion of mutation
 j - a potion of enlightenment {unknown}
 k - a potion of might {unknown}

Dungeon Overview and Level Annotations

Branches:
Dungeon (3/15)

Altars:


Message History

The ice beast is moderately wounded.
The ice beast barely misses you.
The endoplasm hits you but does no damage.
You shoot a sling bullet. The sling bullet hits the ice beast.
The ice beast is moderately wounded.
The endoplasm freezes you.
You are frozen.
The ice beast hits you. The ice beast freezes you!
You shoot a sling bullet. The sling bullet hits the ice beast.
The ice beast is heavily wounded.
The endoplasm hits you but does no damage.
The ice beast barely misses you.
You shoot a sling bullet.
The sling bullet barely misses the ice beast.
The endoplasm hits you but does no damage.
The ice beast hits you. The ice beast freezes you.
You shoot a sling bullet. The sling bullet hits the ice beast.
The ice beast is severely wounded.
The endoplasm closely misses you. The ice beast barely misses you. x2
The endoplasm misses you.
You shoot a sling bullet. The sling bullet hits the ice beast.
The ice beast is almost dead.
The endoplasm freezes you.
You are frozen.
The ice beast hits you but does no damage.
1656 ||| READING scroll of teleportation.
As you read the scroll of teleportation, it crumbles to dust.
You feel strangely unstable.
The endoplasm hits you but does no damage.
The ice beast closely misses you.
You shoot a sling bullet.
The sling bullet barely misses the ice beast.
The endoplasm freezes you.
You are frozen.
The ice beast completely misses you.
You shoot a sling bullet. The sling bullet hits the ice beast.
You kill the ice beast!
The endoplasm freezes you.
You are frozen.
The endoplasm freezes you.
You are frozen.
You die...

######...............
####..........#....
######..................
........%........#.##...
....................#..(
........................
....................#...
....................#...
.......@............#...
......J.............#...
........................
..................###...
........)........##.##.#
.................#(.....
.....!........)..##.....
..................#.....
.............


You could see an endoplasm.

Vanquished Creatures
  An ice beast (D:3)
  A sleepcap (D:3)
  11 adders
  2 worms (D:2)
  A dart slug (D:1)
  An orc (D:3)
  6 endoplasms
  5 giant cockroaches
  5 goblins
  6 hobgoblins
  9 kobolds
  5 quokkas
  3 ball pythons
  9 bats
  3 frilled lizards (D:3)
  5 rats
73 creatures vanquished.

Notes
Turn   | Place    | Note
-------+----------+-------------------------------------------
     0 | D:1      | qw the Gargoyle Hexslinger began the quest for the Orb.
     0 | D:1      | Reached XP level 1. HP: 12/12 MP: 2/2
     0 | D:1      | 0 ||| qw: Version: 0.3-a-46-gb1f654a
     0 | D:1      | 0 ||| qw: Game counter: 2502
     0 | D:1      | 0 ||| qw: Melee chars always use a shield: true
     0 | D:1      | 0 ||| qw: God list: Okawaru
     0 | D:1      | 0 ||| qw: Allow faded altars: false
     0 | D:1      | 0 ||| qw: Do Orc after clearing Dungeon:15 true
     0 | D:1      | 0 ||| qw: Do second Lair branch before Depths: true
     0 | D:1      | 0 ||| qw: Lair rune preference: random
     0 | D:1      | 0 ||| qw: Goals: Normal
     0 | D:1      | 0 ||| PLANNING D:1-11
   196 | D:1      | Reached XP level 2. HP: 16/16 MP: 3/3
   295 | D:1      | 295 ||| FLEEEEING.
   296 | D:1      | 296 ||| FLEEEEING.
   299 | D:1      | Reached skill level 3 in Ranged Weapons
   611 | D:1      | Reached XP level 3. HP: 21/21 MP: 4/4
   756 | D:1      | 756 ||| UPGRADING to +0 ring mail.
   766 | D:1      | 766 ||| DROPPING +0 robe.
   767 | D:1      | 767 ||| DROPPING +6 ring of intelligence.
   768 | D:1      | 768 ||| DROPPING ring of magical power.
   769 | D:1      | 769 ||| READING 3 scrolls labelled HAEMPAI MIBE.
   770 | D:1      | 770 ||| READING scroll labelled SIOVIY FOKHUQALINU.
   771 | D:1      | 771 ||| READING scroll labelled SEZINNUBEM.
   775 | D:1      | 775 ||| READING 2 scrolls labelled VOKKO RAFIFFURGH.
   776 | D:1      | 776 ||| READING scroll of enchant weapon.
   776 | D:1      | 776 ||| ENCHANTING +2 sling.
   777 | D:1      | 777 ||| READING scroll labelled IGUTAPHOT YDETZ.
   778 | D:1      | 778 ||| READING 2 scrolls of identify.
   778 | D:1      | 778 ||| IDENTIFYING golden potion
   779 | D:1      | 779 ||| DROPPING scroll of poison.
   853 | D:2      | Reached XP level 4. HP: 17/26 MP: 5/5
   900 | D:2      | Reached skill level 4 in Ranged Weapons
   911 | D:2      | Reached skill level 1 in Armour
   944 | D:2      | 944 ||| READING 5 scrolls of identify.
   944 | D:2      | 944 ||| IDENTIFYING pink potion
   945 | D:2      | 945 ||| READING 4 scrolls of identify.
   945 | D:2      | 945 ||| IDENTIFYING clear potion
   946 | D:2      | 946 ||| READING 3 scrolls of identify.
   946 | D:2      | 946 ||| IDENTIFYING metallic purple potion
   947 | D:2      | 947 ||| DROPPING potion of magic.
   948 | D:2      | 948 ||| DROPPING potion of degeneration.
   949 | D:2      | 949 ||| DROPPING potion of berserk rage.
  1065 | D:2      | Reached XP level 5. HP: 30/30 MP: 6/6
  1316 | D:2      | 1316 ||| UPGRADING to +0 cloak.
  1321 | D:2      | 1321 ||| READING scroll labelled ABEMUG XUPNOT.
  1322 | D:2      | 1322 ||| READING 3 scrolls of identify.
  1322 | D:2      | 1322 ||| IDENTIFYING metallic ruby potion
  1405 | D:3      | Reached skill level 5 in Ranged Weapons
  1539 | D:3      | Reached skill level 3 in Fighting
  1588 | D:3      | 1588 ||| READING scroll of enchant armour.
  1588 | D:3      | 1588 ||| ENCHANTING +0 cloak.
  1646 | D:3      | Noticed an ice beast
  1655 | D:3      | HP: 7/32 [frozen (4)]
  1656 | D:3      | 1656 ||| READING scroll of teleportation.
  1658 | D:3      | Killed an ice beast
  1658 | D:3      | Frozen to death by an endoplasm

Levels and vault maps discovered:
D:1:      minmay_arrival_loop, layout_basic, chequers_serial_rivers_micro_e,
          minivault_19, hangedman_decor_growths
D:2:      layout_rooms, minmay_joined_circles
D:3:      layout_basic, grunt_decor_one_mirror, grunt_decor_fettered,
          minmay_three_crescents

Skill      XL: |  1  2  3  4  5 |
---------------+----------------+-----
Ranged Weapons | 3 4 5 |  5.0
Fighting       | 2 3 |  3.0
Armour         | 1 |  1.1
Dodging        | |  1.5
Spellcasting   | |  1.0
Hexes          | |  2.6

Action                     |  1- 3 |  4- 6 || total
---------------------------+-------+-------++-------
   Fire: Sling             |    97 |   150 ||   247
    Use: Scroll            |     7 |     7 ||    14
 Armour: Robe              |     2 |       ||     2
         Ring mail         |    35 |    60 ||    95
  Dodge: Dodged            |    41 |    61 ||   102

Table legend:
 A = Non-vault XP
 B = Vault XP
 C = Vault XP percentage of total XP
 D = Non-vault monster count
 E = Vault monster count
 F = Vault count percentage of total count
                 A         B        C        D         E       F
            +---------+---------+-------+---------+---------+-------
      Total |     321 |      93 |  22.5 |      54 |      19 |  26.0
            +---------+---------+-------+---------+---------+-------
        D:1 |      38 |       0 |   0.0 |      22 |       0 |   0.0
        D:2 |      98 |      71 |  42.0 |      21 |      13 |  38.2
        D:3 |     185 |      22 |  10.6 |      11 |       6 |  35.3
            +---------+---------+-------+---------+---------+-------
